AoeStats
← tobinho_125

Black Forest

504083562Analyzed
4v4 RM · 28d ago on Sep 3, 2026· 51m 19s· 8 players
Game mode
Random Map
Map size
Large (8 player)
Population
200
Speed
Normal
Resources
Standard
Victory
Conquest
Starting age
Dark Age
Ending age
Imperial Age
RankedLock teamsTeams togetherTeam positionsShared explorationLock speedFull tech treeHidden civsTurbo modeCheats
Victory
Defeat
🇮🇳 Turks · India
953
+13
🇦🇷 Goths · Argentina
936
+14
🇲🇽 Persians · Mexico
860
+18
🇵🇪 Chinese · Peru
859
+18
🇩🇪 Romans · Germany
913
-17
🇨🇿 Persians · Czechia
898
-16
🇺🇸 Turks · United States
884
-15
🇹🇷 Byzantines · Türkiye
872
-15
tobinho_125
5:03 Loom
12:19 Feudal Age
16:36 Castle Age
14:25 Double-Bit Axe
16:46 Wheelbarrow
18:33 Pikeman
22:47 Horse Collar
24:51 Bow Saw
24:47 Scale Mail Armor
24:57 Forging
24:48 Padded Archer Armor
25:05 Heavy Plow
26:27 Caravan
27:36 Hand Cart
27:06 Town Watch
32:45 Imperial Age
31:14 Leather Archer Armor
30:49 Fletching
31:15 Chain Mail Armor
32:26 Ballistics
32:19 Fortified Wall
32:40 Bodkin Arrow
33:21 Iron Casting
34:31 Ring Archer Armor
35:25 Ballistas
35:41 Conscription
34:56 Onager
34:56 Capped Ram
35:28 Halberdier
37:46 Man-at-Arms
38:29 Siege Ram
39:58 Long Swordsman
40:34 Legionary
43:53 Blast Furnace
47:07 Heavy Scorpion
47:59 Scale Barding Armor
jakubpekar
0:46 Loom
14:28 Feudal Age
16:18 Double-Bit Axe
16:18 Horse Collar
20:02 Castle Age
19:40 Gold Mining
22:30 Wheelbarrow
22:23 Heavy Plow
23:58 Bow Saw
26:57 Hand Cart
29:40 Town Watch
35:58 Imperial Age
34:34 Husbandry
34:58 Squires
34:19 Pikeman
35:02 Padded Archer Armor
34:52 Fletching
35:09 Scale Barding Armor
35:14 Forging
35:28 Ballistics
35:33 Caravan
36:15 Bloodlines
35:51 Cavalier
38:24 Gold Shaft Mining
37:40 Stone Mining
39:45 Iron Casting
39:31 Chain Barding Armor
40:49 Stone Shaft Mining
40:37 Scale Mail Armor
42:15 Blast Furnace
42:41 Conscription
42:58 Savar
45:17 Kamandaran
50:49 Light Cavalry
[ATA]Woosa
13:45 Feudal Age
14:22 Double-Bit Axe
19:54 Castle Age
18:02 Horse Collar
18:21 Gold Mining
19:48 Stone Mining
20:38 Wheelbarrow
21:31 Bow Saw
21:24 Heavy Plow
25:07 Stone Shaft Mining
25:32 Treadmill Crane
26:40 Hand Cart
28:58 Scale Barding Armor
29:37 Forging
32:51 Imperial Age
30:52 Chain Barding Armor
31:02 Loom
32:06 Iron Casting
34:24 Logistica
35:36 Plate Barding Armor
36:44 Pikeman
38:09 Conscription
37:55 Elite Cataphract
marwenskio
10:24 Loom
13:22 Feudal Age
17:31 Castle Age
15:43 Double-Bit Axe
15:51 Horse Collar
17:54 Wheelbarrow
19:57 Heavy Plow
20:10 Bow Saw
27:06 Imperial Age
26:56 Hand Cart
26:26 Town Watch
33:33 Town Patrol
39:58 Elite Janissary
40:44 Padded Archer Armor
44:47 Man-at-Arms
45:32 Arson
PoisonSoup91
8:29 Loom
13:04 Feudal Age
13:50 Double-Bit Axe
15:52 Fletching
23:02 Castle Age
21:21 Forging
21:16 Scale Barding Armor
20:55 Horse Collar
22:45 Bloodlines
22:43 Man-at-Arms
31:56 Imperial Age
30:03 Wheelbarrow
29:15 Town Watch
31:08 Hand Cart
30:58 Devotion
33:25 Chemistry
32:50 Conscription
32:47 Town Patrol
33:12 Bodkin Arrow
34:19 Ballistics
44:37 Husbandry
Reaper
1:58 Loom
14:11 Feudal Age
19:04 Castle Age
16:52 Horse Collar
18:04 Double-Bit Axe
24:20 Imperial Age
23:22 Heavy Plow
23:38 Bow Saw
24:35 Bloodlines
LaTO
0:46 Loom
14:14 Feudal Age
14:46 Double-Bit Axe
14:44 Horse Collar
20:49 Stone Mining
24:42 Castle Age
22:43 Gold Mining
25:19 Arson
25:47 Forging
27:18 Fletching
30:23 Bow Saw
31:13 Caravan
35:03 Imperial Age
33:28 Scale Mail Armor
34:37 Iron Casting
35:29 Wheelbarrow
36:13 Ballistics
37:41 Blast Furnace
37:19 Gold Shaft Mining
36:52 Elite Fire Lancer
39:32 Chemistry
40:55 Rocketry
41:52 Heavy Rocket Cart
42:31 Bodkin Arrow
43:18 Fortified Wall
43:26 Chain Mail Armor
46:20 Conscription
50:30 Elite Chu Ko Nu
RODRIGOL
1:26 Loom
13:13 Feudal Age
13:41 Horse Collar
13:47 Double-Bit Axe
21:09 Castle Age
19:45 Stone Mining
19:53 Gold Mining
22:10 Bow Saw
22:01 Heavy Plow
23:04 Wheelbarrow
24:09 Hand Cart
32:17 Imperial Age
30:02 Forging
29:53 Scale Mail Armor
31:13 Anarchy
32:02 Ballistics
31:05 Pikeman
31:45 Squires
32:23 Iron Casting
32:19 Chain Mail Armor
33:43 Crop Rotation
34:41 Two-Man Saw
33:23 Halberdier
34:47 Elite Huskarl
35:28 Perfusion
37:53 Chemistry
37:28 Conscription
40:12 Blast Furnace
39:19 Caravan
39:50 Coinage
39:30 Guilds
Connection lost

Rejoining the realm…

Still unreachable

The connection could not be restored.

Session expired

The server has moved on; the page needs a fresh start.